[Event "21st Indian-chT Women 2023-24"]
[Site "Dharamsala"]
[Date "2024.04.01"]
[Round "4.2"]
[White "Velpula Sarayu"]
[Black "Gomes, Mary Ann"]
[Result "1/2-1/2"]
[ECO "B45"]
[WhiteElo "2389"]
[BlackElo "2322"]
[Annotator "RC"]
[PlyCount "69"]
[EventDate "2024.03.28"]
[EventType "team-tourn"]
[EventCountry "IND"]
[SourceTitle "playchess.com"]
[Source "ChessBase"]
[SourceQuality "1"]
[TimeControl "5400+30"]

1. e4 c5 2. Nf3 e6 3. d4 cxd4 4. Nxd4 Nf6 5. Nc3 Nc6 6. Nxc6 bxc6 7. e5 Nd5 8. Ne4 Bb7 9. Be2 c5 10. O-O Qc7 11. Nd6+ Bxd6 12. exd6 Qc6 13. f3 c4 14. Qd4 O-O 15. Bxc4 Rfc8 16. Bxd5 Qxd5 17. Qxd5 Bxd5 18. Rf2 Rc6 19. Bf4 Rac8 20. Rc1 f6 21. b3 Rc3 22. Re2 a5 23. Bg3 a4 24. Be1 R3c6 25. c4 axb3 26. axb3 Rxd6 27. Ra2 Rb6 28. Rd1 Bc6 29. b4 d5 30. b5 Be8 31. Bf2 Rb7 32. cxd5 Bxb5 33. dxe6 Re7 34. Re1 Bc4 35. Rc2 1/2-1/2

[Event "21st Indian-chT Women 2023-24"]
[Site "Dharamsala"]
[Date "2024.04.01"]
[Round "4.3"]
[White "Mohota, Nisha"]
[Black "Sai Mahati Alapati"]
[Result "1-0"]
[ECO "D45"]
[WhiteElo "2122"]
[BlackElo "2155"]
[Annotator "RC"]
[PlyCount "45"]
[EventDate "2024.03.28"]
[EventType "team-tourn"]
[EventCountry "IND"]
[SourceTitle "playchess.com"]
[Source "ChessBase"]
[SourceQuality "1"]
[TimeControl "5400+30"]

1. d4 d5 2. c4 c6 3. Nc3 Nf6 4. e3 e6 5. Nf3 Nbd7 6. Qc2 b6 7. Bd3 Bb7 8. O-O Bd6 9. e4 dxe4 10. Nxe4 Be7 11. Re1 O-O 12. Ne5 h6 13. Be3 c5 14. Rad1 Nxe5 15. Nxf6+ gxf6 16. dxe5 Qc7 17. Bxh6 f5 18. Re3 Rfd8 19. Rg3+ Kh8 20. Bg7+ Kg8 21. Qe2 f6 22. Bh6+ Kh7 23. Qh5 1-0

[Event "21st Indian-chT Women 2023-24"]
[Site "Dharamsala"]
[Date "2024.04.01"]
[Round "4.4"]
[White "Kirthika B"]
[Black "Soumya, Swaminathan"]
[Result "0-1"]
[ECO "B33"]
[WhiteElo "1791"]
[BlackElo "2259"]
[Annotator "RC"]
[PlyCount "100"]
[EventDate "2024.03.28"]
[EventType "team-tourn"]
[EventCountry "IND"]
[SourceTitle "playchess.com"]
[Source "ChessBase"]
[SourceQuality "1"]
[TimeControl "5400+30"]

1. e4 c5 2. Nf3 Nc6 3. d4 cxd4 4. Nxd4 Qb6 5. Nb3 Nf6 6. Nc3 e6 7. Be3 Qc7 8. a3 a6 9. Be2 b5 10. O-O Be7 11. f4 d6 12. Bf3 Bb7 13. Qe2 O-O 14. Rad1 b4 15. axb4 Nxb4 16. Qf2 Nd7 17. Nc1 Bc6 18. Nd3 a5 19. Ra1 Qb7 20. Qe2 Rfd8 21. Kh1 Nb6 22. f5 Nxd3 23. cxd3 exf5 24. exf5 Bf6 25. Bxc6 Qxc6 26. Ne4 Be5 27. f6 d5 28. Qg4 g6 29. Ng5 d4 30. Rac1 Qd7 31. Qh4 h5 32. Bd2 Nd5 33. Ne4 Qg4 34. Qf2 Rdc8 35. h3 Qd7 36. Qh4 Rxc1 37. Bxc1 Rc8 38. Bd2 a4 39. Qg5 Qe6 40. Kg1 Rc6 41. Kh1 Nxf6 42. Nxf6+ Bxf6 43. Qf4 Bg7 44. Re1 Qf6 45. Qb8+ Kh7 46. Qb5 Rc2 47. Bg5 Qf2 48. Rg1 Qg3 49. Qd5 Rf2 50. Re1 Rf5 0-1

[Event "21st Indian-chT Women 2023-24"]
[Site "Dharamsala"]
[Date "2024.04.01"]
[Round "4.6"]
[White "Swati Ghate"]
[Black "Ananya Arora"]
[Result "1-0"]
[ECO "B70"]
[WhiteElo "2012"]
[BlackElo "1456"]
[Annotator "RC"]
[PlyCount "61"]
[EventDate "2024.03.28"]
[EventType "team-tourn"]
[EventCountry "IND"]
[SourceTitle "playchess.com"]
[Source "ChessBase"]
[SourceQuality "1"]
[TimeControl "5400+30"]

1. e4 c5 2. Nf3 Nc6 3. d4 cxd4 4. Nxd4 g6 5. Nc3 Bg7 6. Nde2 Nf6 7. g3 d6 8. Bg2 Bd7 9. O-O O-O 10. h3 Qc8 11. Kh2 Ne5 12. Bf4 Nh5 13. Nd5 Re8 14. Bg5 f6 15. Bd2 Bh8 16. Bc3 Ng7 17. f4 Nc4 18. Qd3 Kf7 19. Rae1 Nb6 20. e5 dxe5 21. fxe5 f5 22. Nd4 Nxd5 23. Bxd5+ e6 24. Bb3 a6 25. Qd2 Kg8 26. Qh6 Rf8 27. Nf3 Rd8 28. Ng5 Kf8 29. Qxh7 Ke7 30. Bb4+ Ke8 31. Qxh8# 1-0

[Event "21st Indian-chT Women 2023-24"]
[Site "Dharamsala"]
[Date "2024.04.01"]
[Round "4.7"]
[White "Shresthi Gupta"]
[Black "Mehra Jyoti"]
[Result "1-0"]
[ECO "D02"]
[WhiteElo "1497"]
[BlackElo "1434"]
[Annotator "NA RC"]
[PlyCount "55"]
[EventDate "2024.03.28"]
[EventType "team-tourn"]
[EventCountry "IND"]
[SourceTitle "playchess.com"]
[Source "ChessBase"]
[SourceQuality "1"]
[TimeControl "5400+30"]

1. d4 d5 2. Nf3 Nf6 3. Bf4 Bf5 4. e3 e6 5. Bd3 Nc6 6. Bxf5 exf5 7. Nbd2 Ne4 8. a3 Be7 9. c4 Nxd2 10. Nxd2 Bd6 11. cxd5 Bxf4 12. dxc6 Bxe3 13. fxe3 bxc6 14. O-O g6 15. Qc2 Qd5 16. Rac1 Kd7 17. Qc5 Rab8 18. b4 Rb7 19. Nc4 Qxc5 20. dxc5 Re8 21. Rcd1+ Ke6 22. Na5 Rbb8 23. Nxc6 Ra8 24. Rd4 f6 25. Rfd1 h6 26. Rd7 a5 27. Rxc7 axb4 28. Rd6# 1-0

[Event "21st Indian-chT Women 2023-24"]
[Site "Dharamsala"]
[Date "2024.04.02"]
[Round "5.1"]
[White "Mudaliar Nandini"]
[Black "Gomes, Mary Ann"]
[Result "0-1"]
[ECO "A61"]
[WhiteElo "1672"]
[BlackElo "2322"]
[Annotator "RC"]
[PlyCount "80"]
[EventDate "2024.03.28"]
[EventType "team-tourn"]
[EventCountry "IND"]
[SourceTitle "playchess.com"]
[Source "ChessBase"]
[SourceQuality "1"]
[TimeControl "5400+30"]

1. d4 Nf6 2. Nf3 e6 3. c4 c5 4. d5 exd5 5. cxd5 d6 6. Nc3 g6 7. Bg5 Bg7 8. Nd2 h6 9. Bh4 g5 10. Bg3 Nh5 11. e4 Nxg3 12. hxg3 a6 13. a4 Nd7 14. Nc4 Ne5 15. Qd2 Nxc4 16. Bxc4 Bd7 17. a5 b5 18. Be2 Qe7 19. Qc2 O-O 20. g4 Rfe8 21. Bf3 f5 22. gxf5 Bxf5 23. Kf1 Bd7 24. Bh5 Rf8 25. Re1 b4 26. Nd1 c4 27. Ne3 b3 28. Qb1 Qf6 29. f3 Qf4 30. Qc1 Rac8 31. Ng4 Qxc1 32. Rxc1 Bxb2 33. Nxh6+ Kg7 34. Rb1 c3 35. Kf2 Rh8 36. Nf5+ Bxf5 37. exf5 Rxh5 38. Rxh5 c2 39. Rbh1 c1=Q 40. Rh7+ Kg8 0-1

[Event "21st Indian-chT Women 2023-24"]
[Site "Dharamsala"]
[Date "2024.04.02"]
[Round "5.2"]
[White "Mohota, Nisha"]
[Black "Jain Ashita"]
[Result "1-0"]
[ECO "B12"]
[WhiteElo "2122"]
[BlackElo "1729"]
[Annotator "RC"]
[PlyCount "81"]
[EventDate "2024.03.28"]
[EventType "team-tourn"]
[EventCountry "IND"]
[SourceTitle "playchess.com"]
[Source "ChessBase"]
[SourceQuality "1"]
[TimeControl "5400+30"]

1. e4 c6 2. d4 d5 3. e5 c5 4. Nf3 Nc6 5. dxc5 Bg4 6. c3 e6 7. Be3 Nge7 8. Nbd2 Ng6 9. Qa4 Bxf3 10. Nxf3 Qc7 11. Bb5 a6 12. Bxc6+ bxc6 13. O-O Be7 14. Bd4 O-O 15. b4 f6 16. Rfe1 f5 17. c4 Nf4 18. Qc2 Rfb8 19. Qd2 Ng6 20. cxd5 cxd5 21. Bc3 h6 22. g3 Rf8 23. Nd4 Qc8 24. Qe2 a5 25. a3 Kh7 26. f4 Re8 27. c6 Bd8 28. b5 Bb6 29. a4 Qc7 30. Kh1 Rad8 31. Qd2 Qa7 32. Nb3 Ra8 33. Bd4 Ne7 34. Bxb6 Qxb6 35. Rec1 Nc8 36. c7 Qa7 37. Rc6 Nb6 38. Qxa5 Nc4 39. Qxa7 Rxa7 40. c8=Q Rxc8 41. Rxc8 1-0

[Event "21st Indian-chT Women 2023-24"]
[Site "Dharamsala"]
[Date "2024.04.02"]
[Round "5.3"]
[White "Arpita Patankar"]
[Black "Soumya, Swaminathan"]
[Result "0-1"]
[ECO "B07"]
[WhiteElo "1641"]
[BlackElo "2259"]
[Annotator "RC"]
[PlyCount "120"]
[EventDate "2024.03.28"]
[EventType "team-tourn"]
[EventCountry "IND"]
[SourceTitle "playchess.com"]
[Source "ChessBase"]
[SourceQuality "1"]
[TimeControl "5400+30"]

1. d4 Nf6 2. Nf3 g6 3. Nbd2 Bg7 4. e4 d6 5. Bb5+ Nfd7 6. O-O O-O 7. c3 e5 8. Nb3 h6 9. Re1 a6 10. Bd3 Nc6 11. Bc2 a5 12. a4 b6 13. h3 Qe7 14. Bd2 Nd8 15. Bd3 Ba6 16. Bxa6 Rxa6 17. Qe2 Ra7 18. Qc4 Nf6 19. dxe5 dxe5 20. Qb5 Ne8 21. Nc1 Nd6 22. Qe2 Qe6 23. Nh2 N8b7 24. f4 exf4 25. Bxf4 g5 26. Bxd6 cxd6 27. Ng4 Re8 28. Nf2 Nc5 29. Ncd3 Nb3 30. Rad1 Rae7 31. Qc2 Nc5 32. Nxc5 dxc5 33. Rd2 h5 34. Qd1 Qg6 35. Rd8 Kh7 36. Rxe8 Rxe8 37. Kf1 Be5 38. Qf3 Re6 39. Qf5 Bg3 40. Qxg6+ Kxg6 41. Re3 h4 42. Ng4 f6 43. b3 Bf4 44. Re2 Re8 45. Kf2 Bg3+ 46. Kf3 Rd8 47. Rc2 Rd1 48. Ne3 Rb1 49. Nf5 Be5 50. Ne7+ Kf7 51. Nd5 Rxb3 52. Ke3 c4 53. Kd2 Ke6 54. Kc1 f5 55. Rb2 fxe4 56. Rxb3 cxb3 57. Nxb6 Bxc3 58. Nc4 Kd5 59. Na3 Kd4 60. Kd1 Ke5 0-1

[Event "21st Indian-chT Women 2023-24"]
[Site "Dharamsala"]
[Date "2024.04.02"]
[Round "5.4"]
[White "Salonika, Saina"]
[Black "Manya Abhishek Drolia"]
[Result "1-0"]
[ECO "C87"]
[WhiteElo "2096"]
[BlackElo "1482"]
[Annotator "RC"]
[PlyCount "65"]
[EventDate "2024.03.28"]
[EventType "team-tourn"]
[EventCountry "IND"]
[SourceTitle "playchess.com"]
[Source "ChessBase"]
[SourceQuality "1"]
[TimeControl "5400+30"]

1. e4 e5 2. Nf3 Nc6 3. Bb5 a6 4. Ba4 Be7 5. O-O Nf6 6. Re1 d6 7. c3 O-O 8. h3 h6 9. d4 exd4 10. cxd4 Re8 11. d5 b5 12. dxc6 bxa4 13. Nc3 Bf8 14. Qxa4 Nh7 15. Qa5 Be6 16. Bf4 Qf6 17. Bg3 Bxh3 18. Nd5 Qd8 19. gxh3 Ra7 20. b4 Ng5 21. Nxg5 Qxg5 22. b5 h5 23. h4 Qg4 24. Nxc7 Rc8 25. b6 Raxc7 26. bxc7 Be7 27. Rab1 Bxh4 28. Rb8 Bxg3 29. Qf5 Bxf2+ 30. Kxf2 Qh4+ 31. Kg2 g6 32. Qxc8+ Kg7 33. Qh8# 1-0

[Event "21st Indian-chT Women 2023-24"]
[Site "Dharamsala"]
[Date "2024.04.02"]
[Round "5.5"]
[White "Gade Sharanya"]
[Black "Kiran, Manisha Mohanty"]
[Result "0-1"]
[ECO "E35"]
[WhiteElo "1728"]
[BlackElo "2036"]
[Annotator "RC"]
[PlyCount "104"]
[EventDate "2024.03.28"]
[EventType "team-tourn"]
[EventCountry "IND"]
[SourceTitle "playchess.com"]
[Source "ChessBase"]
[SourceQuality "1"]
[TimeControl "5400+30"]

1. d4 Nf6 2. c4 e6 3. Nc3 Bb4 4. Qc2 d5 5. cxd5 exd5 6. Bg5 h6 7. Bh4 O-O 8. e3 c5 9. dxc5 Nbd7 10. Nf3 Qa5 11. Bd3 Ne4 12. O-O Bxc3 13. bxc3 Ndxc5 14. c4 Nxd3 15. Qxd3 Be6 16. cxd5 Qxd5 17. Nd4 Rac8 18. Rfc1 Rxc1+ 19. Rxc1 Rc8 20. Rxc8+ Bxc8 21. Qc2 Be6 22. f3 Nd6 23. Nxe6 Qxe6 24. e4 b5 25. Bg3 Nc4 26. Qb3 Qd7 27. h4 a6 28. Kh2 Qd2 29. Qb1 Ne3 30. Qg1 Qe2 31. Kh3 Qd3 32. Bf4 Qd7+ 33. Kh2 Nc4 34. Qc5 Qd8 35. g3 Qd7 36. a4 Nb2 37. axb5 Qxb5 38. Qc8+ Kh7 39. Qc2 Nc4 40. e5+ Kg8 41. Qf5 Nb6 42. Qc2 Qc4 43. Qd2 Nd5 44. Be3 a5 45. Bf2 a4 46. Qa5 Kh7 47. Qa7 Nc3 48. Bc5 Qe2+ 49. Kh3 Qxf3 50. e6 Ne4 51. Qc7 Qh1+ 52. Kg4 Nf6+ 0-1

[Event "21st Indian-chT Women 2023-24"]
[Site "Dharamsala"]
[Date "2024.04.02"]
[Round "5.6"]
[White "Swati Ghate"]
[Black "Velpula Sarayu"]
[Result "0-1"]
[ECO "B50"]
[WhiteElo "2012"]
[BlackElo "2389"]
[Annotator "RC"]
[PlyCount "62"]
[EventDate "2024.03.28"]
[EventType "team-tourn"]
[EventCountry "IND"]
[SourceTitle "playchess.com"]
[Source "ChessBase"]
[SourceQuality "1"]
[TimeControl "5400+30"]

1. e4 c5 2. Nf3 d6 3. c3 Nf6 4. h3 Nc6 5. Bd3 a6 6. Bc2 e6 7. O-O Be7 8. d4 O-O 9. Re1 b5 10. Nbd2 cxd4 11. cxd4 Bb7 12. a3 Rc8 13. Nf1 Qc7 14. Bd3 Rfd8 15. Ng3 g6 16. Bd2 Qb8 17. Bc3 Nd7 18. Qd2 Bf6 19. h4 Bg7 20. h5 Qa7 21. Bf1 e5 22. d5 Nd4 23. Bxd4 exd4 24. Rad1 Re8 25. Nxd4 Be5 26. Nge2 Nf6 27. hxg6 hxg6 28. Nc3 Kg7 29. f4 Rh8 30. Qf2 Kg8 31. Nde2 Rh1+ 0-1

[Event "21st Indian-chT Women 2023-24"]
[Site "Dharamsala"]
[Date "2024.04.02"]
[Round "5.7"]
[White "Sai Mahati Alapati"]
[Black "Anagha Yardi"]
[Result "1-0"]
[ECO "D11"]
[WhiteElo "2155"]
[BlackElo "1482"]
[Annotator "RC"]
[PlyCount "81"]
[EventDate "2024.03.28"]
[EventType "team-tourn"]
[EventCountry "IND"]
[SourceTitle "playchess.com"]
[Source "ChessBase"]
[SourceQuality "1"]
[TimeControl "5400+30"]

1. d4 d5 2. c4 c6 3. Nc3 Nf6 4. e3 Bg4 5. Nf3 e6 6. h3 Bh5 7. Be2 Be7 8. O-O O-O 9. b3 Nbd7 10. Bb2 Qc7 11. Rc1 Rac8 12. Ne5 Bxe2 13. Qxe2 Rfd8 14. Nd3 Qb8 15. Rfd1 Bd6 16. e4 e5 17. dxe5 Nxe5 18. cxd5 cxd5 19. Nxd5 Nxd5 20. Rxc8 Rxc8 21. exd5 Nxd3 22. Qxd3 Re8 23. Bc3 b6 24. Re1 Rxe1+ 25. Bxe1 Be5 26. Bc3 Bd6 27. Qd4 f6 28. Bb4 Kf7 29. Bxd6 Qxd6 30. Qc4 Qc5 31. Kf1 Qxc4+ 32. bxc4 a6 33. Ke2 Ke7 34. Kd3 Kd6 35. Kd4 a5 36. a4 g6 37. f4 f5 38. h4 h6 39. g3 h5 40. c5+ bxc5+ 41. Kc4 1-0

[Event "21st Indian-chT Women 2023-24"]
[Site "Dharamsala"]
[Date "2024.04.03"]
[Round "6.1"]
[White "Vishwa Vasnawala"]
[Black "Nishad, Monika"]
[Result "1-0"]
[ECO "D11"]
[WhiteElo "2111"]
[BlackElo "1729"]
[Annotator "RC"]
[PlyCount "60"]
[EventDate "2024.03.28"]
[EventType "team-tourn"]
[EventCountry "IND"]
[SourceTitle "playchess.com"]
[Source "ChessBase"]
[SourceQuality "1"]
[TimeControl "5400+30"]

1. d4 d5 2. c4 c6 3. Nf3 Bg4 4. Ne5 Be6 5. e3 Nd7 6. Nf3 dxc4 7. Nbd2 b5 8. Ng5 Ndf6 9. Nxe6 fxe6 10. Be2 g6 11. h4 Bg7 12. g4 Nd5 13. Nf3 Ngf6 14. g5 Nd7 15. h5 Qc7 16. h6 Bf8 17. e4 N5b6 18. e5 O-O-O 19. Qc2 c5 20. Be3 Nd5 21. a4 Nxe3 22. fxe3 Qa5+ 23. Kf2 Kb8 24. axb5 Qxb5 25. Bxc4 Qb6 26. Ra6 Qb4 27. Qb3 Qxb3 28. Bxb3 Kb7 29. Rha1 Ra8 30. Bxe6 cxd4 1-0

[Event "21st Indian-chT Women 2023-24"]
[Site "Dharamsala"]
[Date "2024.04.03"]
[Round "6.2"]
[White "Shrivastava, Aditi"]
[Black "Mohota, Nisha"]
[Result "0-1"]
[ECO "C88"]
[WhiteElo "1608"]
[BlackElo "2122"]
[Annotator "RC"]
[PlyCount "78"]
[EventDate "2024.03.28"]
[EventType "team-tourn"]
[EventCountry "IND"]
[SourceTitle "playchess.com"]
[Source "ChessBase"]
[SourceQuality "1"]
[TimeControl "5400+30"]

1. e4 e5 2. Nf3 Nc6 3. Bb5 a6 4. Ba4 Nf6 5. O-O d6 6. d4 b5 7. Bb3 Nxd4 8. Nxd4 exd4 9. Bd5 Nxd5 10. exd5 Be7 11. Re1 O-O 12. Qxd4 Bf5 13. Qd1 Bf6 14. Nd2 Re8 15. Rf1 Qe7 16. Nf3 Qe4 17. c3 Qc4 18. Qb3 Qg4 19. Be3 Be4 20. Qd1 Re5 21. Ne1 Qxd1 22. Rxd1 Rxd5 23. Rxd5 Bxd5 24. Nc2 Bxa2 25. Ra1 Bc4 26. Ra5 c5 27. Bf4 Be5 28. Bxe5 dxe5 29. g3 h6 30. b4 Bb3 31. Na3 cxb4 32. cxb4 Bd5 33. h3 Rc8 34. g4 Rc1+ 35. Kh2 Rh1+ 36. Kg3 Rg1+ 37. Kh4 g5+ 38. Kh5 Kg7 39. Nc2 f6 0-1

[Event "21st Indian-chT Women 2023-24"]
[Site "Dharamsala"]
[Date "2024.04.03"]
[Round "6.3"]
[White "Soumya, Swaminathan"]
[Black "Varshita, Jain"]
[Result "1-0"]
[ECO "C42"]
[WhiteElo "2259"]
[BlackElo "1668"]
[Annotator "RC"]
[PlyCount "73"]
[EventDate "2024.03.28"]
[EventType "team-tourn"]
[EventCountry "IND"]
[SourceTitle "playchess.com"]
[Source "ChessBase"]
[SourceQuality "1"]
[TimeControl "5400+30"]

1. e4 e5 2. Nf3 Nf6 3. Nxe5 d6 4. Nf3 Nxe4 5. d4 d5 6. Bd3 Nc6 7. O-O Be7 8. Nbd2 Bf5 9. Re1 Nxd2 10. Qxd2 Bxd3 11. Qxd3 O-O 12. c3 Bf6 13. Bf4 Ne7 14. Re2 Ng6 15. Bg3 Qd7 16. Rae1 c6 17. a4 Rfe8 18. a5 a6 19. b4 Rxe2 20. Qxe2 Kf8 21. Ne5 Bxe5 22. dxe5 Re8 23. Qh5 Kg8 24. f4 Ne7 25. Bf2 Ng6 26. g3 Re6 27. Qd1 Ne7 28. Bc5 Rh6 29. c4 Qh3 30. Re2 Nf5 31. cxd5 Nxg3 32. Rg2 Rg6 33. dxc6 Ne2+ 34. Qxe2 Rxg2+ 35. Qxg2 Qxg2+ 36. Kxg2 bxc6 37. Kf3 1-0

[Event "21st Indian-chT Women 2023-24"]
[Site "Dharamsala"]
[Date "2024.04.03"]
[Round "6.4"]
[White "Kanishka, Choudhary"]
[Black "Salonika, Saina"]
[Result "0-1"]
[ECO "B23"]
[WhiteElo "1597"]
[BlackElo "2096"]
[Annotator "RC"]
[PlyCount "68"]
[EventDate "2024.03.28"]
[EventType "team-tourn"]
[EventCountry "IND"]
[SourceTitle "playchess.com"]
[Source "ChessBase"]
[SourceQuality "1"]
[TimeControl "5400+30"]

1. e4 c5 2. Nc3 d6 3. f4 Nc6 4. Nf3 g6 5. Bc4 Bg7 6. O-O e6 7. d3 Nge7 8. a3 O-O 9. Qe1 d5 10. exd5 exd5 11. Ba2 Nd4 12. Nxd4 Bxd4+ 13. Kh1 Nf5 14. Bd2 Re8 15. Qd1 Ne7 16. Qf3 Be6 17. Rae1 Qd7 18. h3 h5 19. Nd1 Kg7 20. Bc3 Nf5 21. Ne3 Nxe3 22. Qxe3 Bxc3 23. bxc3 Rac8 24. Qc1 b5 25. Qb2 c4 26. Qb4 Bxh3 27. Rg1 Bxg2+ 28. Kxg2 Qg4+ 29. Kf2 Qxf4+ 30. Kg2 Qd2+ 31. Kh1 Rxe1 32. Rxe1 Qxe1+ 33. Kg2 Re8 34. dxc4 Re2+ 0-1

[Event "21st Indian-chT Women 2023-24"]
[Site "Dharamsala"]
[Date "2024.04.03"]
[Round "6.5"]
[White "Singh, Neha"]
[Black "Gade Sharanya"]
[Result "1-0"]
[ECO "B31"]
[WhiteElo "1825"]
[BlackElo "1728"]
[Annotator "NA RC"]
[PlyCount "99"]
[EventDate "2024.03.28"]
[EventType "team-tourn"]
[EventCountry "IND"]
[SourceTitle "playchess.com"]
[Source "ChessBase"]
[SourceQuality "1"]
[TimeControl "5400+30"]

1. e4 c5 2. Nf3 Nc6 3. Bb5 g6 4. O-O Bg7 5. Re1 Nf6 6. c3 d5 {[%emt 0:01:19] B31: Sicilian: 2...Nc6 3 Bb5 g6.} 7. e5 Nd7 8. d4 O-O 9. a4 a6 10. Bf1 Re8 11. Na3 Nf8 12. Nc2 Na5 13. dxc5 Bg4 14. Ncd4 Ne6 15. h3 Bxf3 16. gxf3 Nc6 17. Nxe6 fxe6 18. f4 Rf8 19. Qg4 Qd7 20. Be3 Rf7 21. h4 Raf8 22. Bh3 Rf5 23. Qg3 R5f7 24. Qg5 Kh8 25. Red1 Rg8 26. b4 h5 $18 (26... Rf5 {was called for.}) 27. Bf1 Rf5 28. Qg3 Bh6 29. Kh1 d4 30. b5 Qc8 31. cxd4 Nb4 32. Bh3 Nd5 33. Bxf5 gxf5 34. Qh2 Qd7 35. Rg1 Rg4 36. Rxg4 hxg4 37. Rb1 Nc3 38. Rb2 Nxa4 39. Rb4 axb5 40. Qg2 Nc3 41. Qf1 Qc6+ 42. Kg1 Qf3 43. Qg2 Qc6 44. Qxc6 bxc6 45. Rb3 Na4 46. f3 gxf3 47. Kf2 Kh7 48. Kxf3 Kg6 49. d5 exd5 50. Rxb5 1-0

[Event "21st Indian-chT Women 2023-24"]
[Site "Dharamsala"]
[Date "2024.04.03"]
[Round "6.6"]
[White "Velpula Sarayu"]
[Black "Marium Fatima"]
[Result "1-0"]
[ECO "C11"]
[WhiteElo "2389"]
[BlackElo "1903"]
[Annotator "RC"]
[PlyCount "53"]
[EventDate "2024.03.28"]
[EventType "team-tourn"]
[EventCountry "IND"]
[SourceTitle "playchess.com"]
[Source "ChessBase"]
[SourceQuality "1"]
[TimeControl "5400+30"]

1. e4 e6 2. d4 d5 3. Nc3 Nf6 4. e5 Nfd7 5. f4 c5 6. Nf3 Nc6 7. Be3 Be7 8. Qd2 a6 9. dxc5 Nxc5 10. O-O-O b5 11. Qf2 Nd7 12. Qg3 g6 13. h4 Qa5 14. Kb1 h5 15. Bd3 Bb7 16. Qh3 Rc8 17. Nxd5 exd5 18. e6 Nf6 19. exf7+ Kf8 20. Bxg6 Ne4 21. Nd4 Nd8 22. Qd7 Nd6 23. Qe8+ Kg7 24. Qxe7 Kxg6 25. f5+ Nxf5 26. Qg5+ Kxf7 27. Qxf5+ 1-0

[Event "21st Indian-chT Women 2023-24"]
[Site "Dharamsala"]
[Date "2024.04.03"]
[Round "6.7"]
[White "Garima Gaurav"]
[Black "Sai Mahati Alapati"]
[Result "1-0"]
[ECO "D45"]
[WhiteElo "1786"]
[BlackElo "2155"]
[Annotator "RC"]
[PlyCount "77"]
[EventDate "2024.03.28"]
[EventType "team-tourn"]
[EventCountry "IND"]
[SourceTitle "playchess.com"]
[Source "ChessBase"]
[SourceQuality "1"]
[TimeControl "5400+30"]

1. d4 d5 2. c4 c6 3. Nf3 Nf6 4. Nc3 e6 5. e3 Nbd7 6. Qc2 b6 7. Bd3 Bb7 8. O-O dxc4 9. Bxc4 a6 10. Rd1 b5 11. Be2 c5 12. a3 Be7 13. dxc5 Bxc5 14. b4 Ba7 15. a4 bxa4 16. Qxa4 Qc7 17. Bb2 O-O 18. Rac1 Nb6 19. Qa5 Qe7 20. b5 Bxf3 21. Ba3 Qe8 22. Bxf3 Nc4 23. Qxa6 Nxa3 24. Bxa8 Qxa8 25. Qxa3 Ng4 26. Ra1 Qb8 27. Qxa7 Qxh2+ 28. Kf1 Qh1+ 29. Ke2 Qxg2 30. e4 Ne5 31. Qe3 Qg4+ 32. f3 Qg6 33. b6 Nc4 34. Qf2 f5 35. b7 fxe4 36. Nxe4 Qh5 37. Ra8 Qb5 38. Rxf8+ Kxf8 39. Qc5+ 1-0

[Event "21st Indian-chT Women 2023-24"]
[Site "Dharamsala"]
[Date "2024.04.04"]
[Round "7.1"]
[White "Abishna Anojan"]
[Black "Vishwa Vasnawala"]
[Result "0-1"]
[ECO "C54"]
[WhiteElo "1635"]
[BlackElo "2111"]
[Annotator "RC"]
[PlyCount "60"]
[EventDate "2024.03.28"]
[EventType "team-tourn"]
[EventCountry "IND"]
[SourceTitle "playchess.com"]
[Source "ChessBase"]
[SourceQuality "1"]
[TimeControl "5400+30"]

1. e4 e5 2. Nf3 Nc6 3. Bc4 Bc5 4. c3 Nf6 5. d3 a6 6. a4 d6 7. h3 h6 8. b4 Ba7 9. Nbd2 O-O 10. O-O Ne7 11. Re1 Ng6 12. Nf1 c6 13. d4 exd4 14. Nxd4 d5 15. exd5 Nxd5 16. Bxd5 Qxd5 17. Be3 Nh4 18. f3 Bxh3 19. Re2 Nxg2 20. Rxg2 Bxg2 21. Kxg2 Rfe8 22. Qd3 Rad8 23. Qf5 Re5 24. Qg4 h5 25. Qh4 Rde8 26. Kf2 Qc4 27. f4 Rxe3 28. Nxe3 Qxc3 29. Re1 Bxd4 30. Qg3 Qxe1+ 0-1

[Event "21st Indian-chT Women 2023-24"]
[Site "Dharamsala"]
[Date "2024.04.04"]
[Round "7.2"]
[White "Gomes, Mary Ann"]
[Black "Jayashree, P.K."]
[Result "1-0"]
[ECO "D02"]
[WhiteElo "2322"]
[BlackElo "1846"]
[Annotator "RC"]
[PlyCount "79"]
[EventDate "2024.03.28"]
[EventType "team-tourn"]
[EventCountry "IND"]
[SourceTitle "playchess.com"]
[Source "ChessBase"]
[SourceQuality "1"]
[TimeControl "5400+30"]

1. Nf3 d5 2. g3 Nc6 3. d4 Nf6 4. Bg2 Bf5 5. O-O e6 6. c4 Be7 7. Nc3 O-O 8. Ne5 Ne4 9. Nxc6 bxc6 10. Nxe4 Bxe4 11. Bxe4 dxe4 12. Be3 Bg5 13. Qd2 Bxe3 14. Qxe3 f5 15. f3 exf3 16. exf3 Qd6 17. f4 Rf6 18. Rad1 a5 19. Rfe1 Qb4 20. Qc3 c5 21. Qxb4 axb4 22. dxc5 Rxa2 23. Rd2 h6 24. h4 g5 25. h5 gxf4 26. gxf4 Ra5 27. Rd8+ Rf8 28. Rxf8+ Kxf8 29. Rxe6 Rxc5 30. b3 Kg7 31. Ra6 Kf7 32. Kf2 Ke7 33. Ke3 Kd7 34. Kd4 Rc6 35. Rxc6 Kxc6 36. Ke5 Kc5 37. Kxf5 Kd4 38. Ke6 Kc3 39. f5 Kxb3 40. f6 1-0

[Event "21st Indian-chT Women 2023-24"]
[Site "Dharamsala"]
[Date "2024.04.04"]
[Round "7.3"]
[White "Rebecca Jesumarian"]
[Black "Mohota, Nisha"]
[Result "1/2-1/2"]
[ECO "E05"]
[WhiteElo "1873"]
[BlackElo "2122"]
[Annotator "RC"]
[PlyCount "72"]
[EventDate "2024.03.28"]
[EventType "team-tourn"]
[EventCountry "IND"]
[SourceTitle "playchess.com"]
[Source "ChessBase"]
[SourceQuality "1"]
[TimeControl "5400+30"]

1. d4 Nf6 2. c4 e6 3. Nf3 d5 4. g3 Be7 5. Bg2 O-O 6. O-O dxc4 7. Qc2 b5 8. Ne5 Qxd4 9. Bxa8 Qxe5 10. Bf3 Na6 11. Bf4 Nb4 12. Qc1 Qf5 13. Nc3 e5 14. Bg5 Nd3 15. Bxf6 Nxc1 16. Bxe7 Re8 17. Raxc1 Rxe7 18. Rfd1 Re8 19. Bc6 Rf8 20. Nxb5 g6 21. Nxc7 Be6 22. Nxe6 Qxe6 23. Bd5 Qb6 24. b3 cxb3 25. Bxb3 Rd8 26. Rxd8+ Qxd8 27. Rc5 Qe7 28. Rb5 Kg7 29. Bd5 Qd7 30. Ra5 Qc7 31. Ra4 Qc1+ 32. Kg2 Qd1 33. Bb3 Qd7 34. Ra5 Qc6+ 35. Kg1 Qc1+ 36. Kg2 Qc6+ 1/2-1/2

[Event "21st Indian-chT Women 2023-24"]
[Site "Dharamsala"]
[Date "2024.04.04"]
[Round "7.4"]
[White "Soumya, Swaminathan"]
[Black "Rajasurya, J.."]
[Result "1-0"]
[ECO "B33"]
[WhiteElo "2259"]
[BlackElo "1710"]
[Annotator "RC"]
[PlyCount "63"]
[EventDate "2024.03.28"]
[EventType "team-tourn"]
[EventCountry "IND"]
[SourceTitle "playchess.com"]
[Source "ChessBase"]
[SourceQuality "1"]
[TimeControl "5400+30"]

1. e4 c5 2. Nf3 Nc6 3. d4 cxd4 4. Nxd4 Nf6 5. Nc3 e5 6. Ndb5 d6 7. Nd5 Nxd5 8. exd5 Nb8 9. c4 a6 10. Qa4 Bd7 11. Qa3 Bxb5 12. cxb5 Nd7 13. bxa6 bxa6 14. Bd2 Be7 15. Rc1 a5 16. Bb5 O-O 17. Bc6 Ra6 18. b4 Bg5 19. Bxg5 Qxg5 20. O-O Qe7 21. b5 Ra7 22. Bxd7 Qxd7 23. Rc6 Rd8 24. Rb1 Raa8 25. b6 Qf5 26. Rbc1 e4 27. b7 Rab8 28. Qxa5 Re8 29. Qa7 Rbd8 30. Qb6 e3 31. fxe3 Qg5 32. Rc8 1-0